AoeStats
← BouncyBear

Arabia

509504892Analyzed
1v1 RM · 5d ago on Sep 27, 2026· 48m 17s· 2 players
Game mode
Random Map
Map size
Tiny (2 player)
Population
200
Speed
Normal
Resources
Standard
Victory
Conquest
Starting age
Dark Age
Ending age
Imperial Age
RankedLock teamsTeams togetherTeam positionsShared explorationLock speedFull tech treeHidden civsTurbo modeCheats
Victory
Defeat
🇩🇰 Byzantines · Denmark
1416
+17
🇵🇾 Magyars · Paraguay
1446
-17
BouncyBear
6:49 Loom
9:07 Feudal Age
9:36 Double-Bit Axe
11:00 Horse Collar
17:01 Gold Mining
19:55 Castle Age
21:11 Wheelbarrow
20:50 Bow Saw
21:47 Heavy Plow
22:44 Hand Cart
24:52 Fletching
25:42 Bodkin Arrow
27:12 Padded Archer Armor
27:23 Elite Skirmisher
28:50 Stone Mining
34:53 Imperial Age
31:46 Pikeman
32:27 Squires
33:16 Scale Mail Armor
33:26 Forging
33:48 Ballistics
34:59 Thumb Ring
35:01 Halberdier
35:49 Bracer
36:37 Conscription
38:04 Chemistry
38:29 Chain Mail Armor
43:35 Gold Shaft Mining
44:17 Two-Man Saw
42:41 Elite Varangian Guard
45:04 Plate Mail Armor
44:49 Leather Archer Armor
45:14 Arson
45:16 Gambesons
47:37 Iron Casting
47:11 Treadmill Crane
48:56 Guilds
49:07 Logistica
VIKU AOE
5:24 Loom
5:32 Loom
5:46 Loom
8:53 Feudal Age
9:26 Double-Bit Axe
15:30 Wheelbarrow
16:20 Wheelbarrow
16:38 Wheelbarrow
20:00 Castle Age
18:10 Gold Mining
18:19 Horse Collar
19:05 Fletching
19:26 Bloodlines
21:08 Bow Saw
21:02 Bodkin Arrow
21:36 Husbandry
21:39 Padded Archer Armor
23:29 Light Cavalry
24:42 Sanctity
25:12 Scale Barding Armor
26:19 Chain Barding Armor
29:17 Leather Archer Armor
32:21 Town Watch
35:31 Imperial Age
33:16 Hand Cart
33:14 Bow Saw
33:34 Town Patrol
35:31 Gold Shaft Mining
34:59 Heavy Plow
36:15 Bracer
36:45 Ring Archer Armor
35:55 Heavy Cavalry Archer
38:35 Plate Barding Armor
37:28 Hussar
Connection lost

Rejoining the realm…

Still unreachable

The connection could not be restored.

Session expired

The server has moved on; the page needs a fresh start.